 Seeded DCSS version 0.29.0-11-gd7f09526c8 (webtiles) character file.

Game seed: 3121381558354691732 (custom seed)

79 purpskrrrp the Shooter (level 4, -17/33 HPs)
             Began as a Formicid Hunter on Sept 6, 2022.
             Demolished by an ogre
             ... wielding a +0 giant spiked club
              (37 damage)
             ... on level 3 of the Dungeon.
             The game lasted 00:02:47 (1305 turns).

purpskrrrp the Shooter (Formicid Hunter)            Turns: 1305, Time: 00:02:47

Health: -17/33     AC:  3    Str: 18    XL:     4   Next: 64%
Magic:  4/4        EV: 12    Int:  8    God:
Gold:   1176       SH:  0    Dex: 23    Spells: 3/3 levels left

rFire   + . .      SeeInvis +   h - +4 shortbow (flame)
rCold   . . .      Faith    .   (no shield)
rNeg    . . .      Spirit   .   c - +0 leather armour
rPois   .          Reflect  .   (helmet unavailable)
rElec   +          Harm     .   (no cloak)
rCorr   .          Rampage  .   (no gloves)
Will    .....                   (no boots)
Stlth   ++........              (no amulet)
HPRegen 0.11/turn               e - ring "Lasoxaig" {rElec rF+ Str-4 Dex+4 Slay+4}
MPRegen 0.09/turn               f - +6 ring of strength

@: no status effects
A: permanent stasis, dig shafts and tunnels, antennae 3, four strong arms
a: Dig, Shaft Self


You were on level 3 of the Dungeon.
You visited 1 branch of the dungeon, and saw 3 of its levels.

You collected 1176 gold pieces.

Inventory:

Hand Weapons
 a - a +0 shortbow
 h - a +4 shortbow of flaming (weapon)
Missiles
 g - 4 throwing nets
Armour
 c - a +0 leather armour (worn)
Jewellery
 e - the ring "Lasoxaig" (left hand) {rElec rF+ Str-4 Dex+4 Slay+4}
   (You acquired it on level 1 of the Dungeon)

   [ring of slaying]

   Str:       It affects your strength (-4).
   Dex:       It affects your dexterity (+4).
   Slay:      It affects your accuracy & damage with ranged weapons and melee
   (+4).
   rF:        It protects you from fire.
   rElec:     It insulates you from electricity.
 f - a +6 ring of strength (right hand)
 n - an amulet of reflection
 p - a ring of positive energy
Scrolls
 b - a scroll of immolation
 d - a scroll of magic mapping {unknown}
 i - a scroll of teleportation {unknown}
 l - 3 scrolls of amnesia {unknown}
 m - a scroll of poison {unknown}
 q - a scroll of fear {unknown}
Potions
 j - a potion of magic
 k - a potion of invisibility {unknown}
 o - a potion of heal wounds {unknown}
 r - a potion of flight {unknown}
 s - a potion of brilliance {unknown}


   Skills:
 - Level 2.2 Fighting
 + Level 5.7 Ranged Weapons
 - Level 1.8 Dodging
 - Level 1.3 Stealth


You had 3 spell levels left.
You didn't know any spells.
Your spell library contained the following spells:

 Spells                   Type           Power      Damage    Failure   Level
 Sting                    Tmut/Pois      0%         1d3       45%         1


Dungeon Overview and Level Annotations

Branches:
Dungeon (3/15)

Altars:
Trog


Innate Abilities, Weirdness & Mutations

You cannot be hasted, slowed, berserked, paralysed or teleported.
You can dig through walls and to a lower floor.
You have a pair of large antennae on your head. (SInv)
Your four strong arms can wield two-handed weapons with a shield.


Message History

No target in view!
No target in view!
s - a green potion You sense a monster nearby.
You sense a monster nearby.
A jackal comes into view.
The jackal barks!
You hear a bark! x2; You hear a shout!
A jackal comes into view.
There are monsters nearby!
There are monsters nearby!
You shoot an arrow. The arrow hits the jackal.
The arrow burns the jackal.
You kill the jackal!
You hear a bark!
A jackal comes into view. x2
You shoot an arrow. The jackal barks!
The arrow hits the jackal!
The arrow burns the jackal.
You kill the jackal!
You shoot an arrow. The arrow barely misses the jackal.
The jackal bites you.
You shoot an arrow. The arrow hits the jackal.
The arrow burns the jackal.
The jackal is almost dead.
The jackal barely misses you. The jackal bites you.
An ogre comes into view. It is wielding a +0 giant spiked club.
You shoot an arrow. The arrow hits the jackal!
The arrow burns the jackal.
You kill the jackal!
The jackal bites you. The jackal closely misses you.
You shoot an arrow. The arrow hits the jackal!
The arrow burns the jackal.
You kill the jackal!
You shoot an arrow. The arrow hits the ogre.
The arrow burns the ogre.
The ogre is moderately wounded.
You shoot an arrow. The arrow barely misses the ogre.
The ogre hits you with a +0 giant spiked club!
You shoot an arrow. The arrow hits the ogre.
The arrow burns the ogre.
The ogre is moderately wounded.
The ogre closely misses you.
You shoot an arrow. The arrow hits the ogre.
The arrow burns the ogre.
The ogre is heavily wounded.
The ogre hits you with a +0 giant spiked club!!!
Ouch! That really hurt!
You die...

#### ## #...##. .#
.....#.#### #.#
..........####.#
........#...##.####
.......@...........
.....#O####.##.###.
#.. #† #..#.# .# #
#. ##...###.# ..
##...##.##### #.
#.#.##...... #.
...#......... #.
...####.....###
..... ##.....#


You could see an ogre.

Vanquished Creatures
  3 adders (D:2)
  3 worms
  3 endoplasms
  7 goblins
  2 hobgoblins
  10 jackals
  3 ball pythons
  5 bats
  2 frilled lizards
  4 rats
42 creatures vanquished.

Notes
Turn   | Place    | Note
-------+----------+-------------------------------------------
     0 | D:1      | purpskrrrp the Formicid Hunter began the quest for the Orb.
     0 | D:1      | Reached XP level 1. HP: 16/16 MP: 1/1
   158 | D:1      | Found a faded altar of an unknown god.
   162 | D:1      | Got Plato's Secrets of Vitiation
   226 | D:1      | Reached XP level 2. HP: 18/22 MP: 2/2
   282 | D:1      | Identified 3 scrolls of acquirement
   282 | D:1      | Acquired 1029 gold pieces
   283 | D:1      | Acquired a +2 shortbow of flaming
   285 | D:1      | Acquired the ring "Lasoxaig" {rElec rF+ Str-4 Dex+4 Slay+4}
   618 | D:2      | Reached XP level 3. HP: 27/27 MP: 3/3
   745 | D:2      | Reached skill level 5 in Ranged Weapons
   745 | D:2      | Found a bloodstained altar of Trog.
  1008 | D:2      | Reached XP level 4. HP: 33/33 MP: 4/4
  1299 | D:3      | Noticed an ogre
  1305 | D:3      | Demolished by an ogre

Illustrated notes

Levels and vault maps discovered:
D:1:      minmay_arrival_glassed_features, layout_loops_ring,
          shapermc_ecumenical_altar_rom_forum, nicolae_kite_square_tiling_tiny
D:2:      layout_basic, basic_altar
D:3:      layout_rooms, serial_shops, nicolae_shop_hallway_stairs

Skill      XL: |  1  2  3 |
---------------+----------+-----
Ranged Weapons | 5 |  5.7
Fighting       | |  2.2
Dodging        | |  1.8
Stealth        | |  1.3

Action                   |  1- 3 |  4- 6 || total
-------------------------+-------+-------++-------
 Fire: Shortbow          |    50 |    20 ||    70
  Use: Scroll            |     7 |       ||     7
Armor: Leather armour    |     3 |       ||     3
Dodge: Dodged            |     6 |     3 ||     9
